 Dungeon Crawl Stone Soup version 0.17-a0-417-gc4a8610 (webtiles) character file.

2 Pikaro the Chucker (level 1, -1/19 HPs)
             Began as an Ogre Arcane Marksman on Apr 3, 2015.
             Slain by a gnoll
             ... wielding a +0 flail
              (11 damage)
             ... on level 1 of the Dungeon.
             The game lasted 00:00:33 (263 turns).

Pikaro the Chucker (Ogre Arcane Marksman)            Turns: 263, Time: 00:00:33

Health: -1/19      AC:  3    Str: 15    XL:     1   Next: 40%
Magic:  2/2        EV: 10    Int: 12    God:
Gold:   62         SH:  0    Dex:  9    Spells: 1 memorised, 1 level left

rFire  . . .     SeeInvis .     k - +3 dagger
rCold  . . .     Clarity  .     a - +0 robe
rNeg   . . .     SustAb   .     (no shield)
rPois  .         Gourm    .     (helmet restricted)
rElec  .         Spirit   .     (no cloak)
rCorr  .         Warding  .     (gloves unavailable)
rMut   .         Stasis   .     (boots unavailable)
MR     .....                    (no amulet)
Stlth  +.........               (no ring)
                                (no ring)

@: not resistant to hostile enchantments, very unstealthy
A: unfitting armour, tough skin 1
a: no special abilities


You were on level 1 of the Dungeon.
You were not hungry.

You visited 1 branch of the dungeon, and saw 1 of its levels.

You collected 62 gold pieces.

Inventory:

Hand weapons
 e - a +0 club
   (You found it on level 1 of the Dungeon)
 k - a +3 dagger (weapon)
   (You found it on level 1 of the Dungeon)
Missiles
 b - 4 large rocks (quivered) {!d}
 c - 2 throwing nets {=f, !d}
Armour
 a - a +0 robe (worn)
Scrolls
 h - a scroll of remove curse {unknown}
 j - a scroll of enchant armour {unknown}
Potions
 i - a potion of flight {unknown}
Books
 d - a book of Debilitation
Comestibles
 f - 2 bread rations
 g - a meat ration


   Skills:
 + Level 1.5 Fighting
 + Level 0.3 Maces & Flails
 + Level 2.3 Throwing
 - Level 1.7 Dodging
 - Level 1.2 Spellcasting
 - Level 2.1 Hexes


You had one spell level left.
You knew the following spells:

 Your Spells              Type           Power        Failure   Level  Hunger
A - Corona                Hex            #......      14%         1    ##.....


Dungeon Overview and Level Annotations

Branches:
Dungeon (1/15)

Altars:


Innate Abilities, Weirdness & Mutations

You are too large for most types of armour.
You have tough skin (AC +1).


Message History

Welcome, Pikaro the Ogre Arcane Marksman.
Will you be the one to retrieve the fabulous Orb of Zot from the depths?
There is a fountain of clear blue water here.
You open the large door.
There is a large open door here.
You now have 16 gold pieces.
g - a meat ration
f - 2 bread rations (gained 1)
You now have 32 gold pieces (gained 16).
A rat comes into view.
You hit the rat.
You kill the rat!
No target in view!
No target in view!
A giant newt comes into view.
You see here a scroll labeled HOADOA MYVVUMA.
The giant newt barely misses you.
You miss the giant newt. The giant newt barely misses you.
You barely miss the giant newt. The giant newt barely misses you.
You hit the giant newt but do no damage.
The giant newt closely misses you.
You hit the giant newt.
You kill the giant newt!
No target in view!
You see here a club.
e - a club Wield which item (- for none, * to show all)? (? for menu, Esc to quit)
e - a +0 club (weapon)
h - a scroll labeled HOADOA MYVVUMA
i - a smoky orange potion
j - a scroll labeled GIDOQ MICVEGHI A bat comes into view.
You hit the bat. The bat hits you.
You take 1 damage, and have 18/19 hp.
The bat hits you but does no damage.
You completely miss the bat. The bat barely misses you.
The bat hits you but does no damage. x2
You closely miss the bat. The bat hits you but does no damage.
The bat hits you but does no damage.
You completely miss the bat. The bat hits you but does no damage.
The bat closely misses you.
You barely miss the bat. The bat barely misses you. The bat hits you.
You take 1 damage, and have 17/19 hp.
You miss the bat. The bat hits you but does no damage.
The bat hits you but does no damage. The bat hits you but does no damage.
The bat closely misses you. The bat hits you but does no damage.
The bat hits you but does no damage. x2
You hit the bat.
You kill the bat!
No target in view!
No target in view!
You start resting.
Health restored: 19; Total turns waited: 21 You now have 48 gold pieces (gained 16).
Found a glowing dagger.
You see here a glowing dagger.
You see here a dagger.
You now have 62 gold pieces (gained 14).
A gnoll comes into view. It is wielding a flail.
The gnoll shouts!
You hit the gnoll but do no damage. The gnoll closely misses you.
You completely miss the gnoll. The gnoll closely misses you.
You hit the gnoll. The gnoll hits you with a flail!
Ouch! That really hurt!
You take 10 damage, and have 9/19 hp.
MASSIVE DAMAGE!!
HP at 47%!
You see here a dagger.
The gnoll closely misses you.
You see here a glowing dagger.
k - a glowing dagger Wield which item (- for none, * to show all)? (? for menu, Esc to quit)
k - a +3 dagger (weapon)
The gnoll hits you with a flail!
Ouch! That really hurt!
You die...

#..# #.# #..# #.# #..#
#.# #.# #..# #.# #.#
#..# #.# #.# #..# #.#
#.# #..# #.# #.# #..#
#.# #.# #..# #@# #.#
#..####g#########.######
#..............)........
########################


You could see a gnoll.

Vanquished Creatures
  A bat (D:1)
  A giant newt (D:1)
  A rat (D:1)
3 creatures vanquished.

Notes
Turn   | Place    | Note
--------------------------------------------------------------
     0 | D:1      | Pikaro, the Ogre Arcane Marksman, began the quest for the Orb.
     0 | D:1      | Reached XP level 1. HP: 19/19 MP: 2/2
   263 | D:1      | Slain by a gnoll

Action                   || total
-------------------------++-------
Melee: Club              ||    10
       Unarmed           ||     5

Vault maps used:
D:1:      denvon_arrival_waterhouse, hex_medium

Table legend:
 A = Turns spent in this place as a percentage of turns spent in the entire game.
 B = Non-inter-level travel turns spent in this place as a percentage of non-inter-level travel turns spent in the entire game.
 C = Inter-level travel turns spent in this place as a percentage of turns spent in this place.
 D = Turns resting spent in this place as a percentage of non-inter-level travel turns spent in this place.
 E = Turns spent auto-exploring this place as a percentage of non-inter-level travel turns spent in this place.
 F = Non-inter-level travel turns spent in this place divided by the number of levels of this place that you've seen.
                   A       B       C       D       E      F
               +-------+-------+-------+-------+-------+----------------------
         Total | 100.0 | 100.0 |   0.0 |   2.5 |  10.1 |  79.0
       Dungeon | 100.0 | 100.0 |   0.0 |   2.5 |  10.1 |  79.0
               +-------+-------+-------+-------+-------+----------------------

Table legend:
 A = Kills in this place as a percentage of kills in entire the game.
 B = Kills by you in this place as a percentage of kills by you in the entire game.
 C = Kills by friends in this place as a percentage of kills by friends in the entire game.
 D = Other kills in this place as a percentage of other kills in the entire game.
 E = Experience gained in this place as a percentage of experience gained in the entire game.
 F = Experience gained in this place divided by the number of levels of this place that you have seen.
                   A       B       C       D       E      F
               +-------+-------+-------+-------+-------+----------------------
         Total | 100.0 | 100.0 |  -nan |  -nan | 100.0 |   4.0
       Dungeon | 100.0 | 100.0 |  -nan |  -nan | 100.0 |   4.0
               +-------+-------+-------+-------+-------+----------------------
